[Event "Early-Titled-Tuesday-Blitz-December-26-2023"]
[Site "Chess.com"]
[Date "2023.12.26"]
[Round "1"]
[White "djokovic74"]
[Black "LileKoridze"]
[Result "1-0"]
[WhiteElo "2677"]
[BlackElo "2365"]
[TimeControl "180+1"]
[EndTime "8:06:12 PST"]
[Termination "djokovic74 won by checkmate"]

1. c4 e5 2. Nc3 Nf6 3. Nf3 Nc6 4. g3 Bb4 5. Nd5 d6 6. Bg2 O-O 7. O-O Bc5 8. e3 a5 9. h3 Bf5 10. d4 exd4 11. exd4 Ba7 12. Bg5 Nb4 13. Bxf6 gxf6 14. Nxb4 axb4 15. Qd2 c5 16. d5 Re8 17. Nh4 Bg6 18. f4 f5 19. Rfe1 b5 20. Bf1 bxc4 21.
Bxc4 Qb6 22. g4 fxg4 23. f5 gxh3 24. Qh6 Rxe1+ 25. Rxe1 Qd8 26. fxg6 fxg6 27. Nxg6 Qd7 28. Ne7+ Kf7 29. Qxh7+ Ke8 30. Qg8# 1-0

[Event "Early-Titled-Tuesday-Blitz-December-26-2023"]
[Site "Chess.com"]
[Date "2023.12.26"]
[Round "1"]
[White "Pumpkin_in_moonlight"]
[Black "dcremisi"]
[Result "0-1"]
[WhiteElo "2306"]
[BlackElo "2638"]
[TimeControl "180+1"]
[EndTime "8:06:12 PST"]
[Termination "dcremisi won on time"]

1. e4 e6 2. d4 d5 3. Nc3 dxe4 4. Nxe4 Bd7 5. Nf3 Bc6 6. Bd3 Nd7 7. O-O Ngf6 8. Ng3 Be7 9. c3 O-O 10. Re1 b6 11. Ne5 Bb7 12. Qc2 g6 13. Bh6 Re8 14. Rad1 Qc8 15. h4 Nxe5 16. dxe5 Ng4 17. Bg5 Bc5 18.
Rd2 h6 19. Bf4 Kg7 20. Qd1 h5 21. Ne4 Bxe4 22. Bxe4 Rb8 23. b4 Be7 24. Bc6 Rd8 25. f3 Nh6 26. Bg5 Bxg5 27. hxg5 Nf5 28. b5 Rxd2 29.
Qxd2 Qd8 30. Rd1 Qe7 31. f4 Qc5+ 32. Kh2 h4 33. a4 Ng3 34. Qd4 Qa3 35. Rd3 Qc1 36.
Rd1 Qc2 37. Rd2 Qb3 38. Rd1 Nf5 39. Qd3 h3 40. c4 Qb2 41. Qd2 Qb3 42. Qd3 Qxa4 43.
g4 Nh4 44. Qg3 Qa2+ 45. Kh1 Rh8 0-1

[Event "Early-Titled-Tuesday-Blitz-December-26-2023"]
[Site "Chess.com"]
[Date "2023.12.26"]
[Round "1"]
[White "GoValya"]
[Black "Lady_Nika"]
[Result "1/2-1/2"]
[WhiteElo "2274"]
[BlackElo "2609"]
[TimeControl "180+1"]
[EndTime "8:06:17 PST"]
[Termination "Game drawn by repetition"]

1. d4 d5 2. c4 e6 3. Nf3 f5 4. g3 Nf6 5. Bg2 c6 6. O-O Bd6 7. b3 Qe7 8. a4 Nbd7 9. Ba3 O-O 10. Bxd6 Qxd6 11. Nc3 Ne4 12. Qc2 b6 13. a5 Ba6 14.
axb6 axb6 15. Ra4 b5 16. cxb5 cxb5 17. Rxa6 Qxa6 18. Nxe4 fxe4 19. Ng5 Rac8 20. Qd2 h6 21.
Nh3 Rc6 22. Nf4 Rfc8 23. Bh3 Nf8 24. Qb4 Qa2 25. Qxb5 Rc1 26. Nxe6 Rxf1+ 27. Kxf1 Qb1+ 28. Kg2 Rc1 29. Bf5 Rg1+ 30. Kh3 Qf1+ 31. Kg4 Qxf2 32. Nxf8 h5+ 33. Kg5 Qe3+ 34. Kxh5 Qh6+ 35. Kg4 Kxf8 36.
Qb8+ Kf7 37. Qc7+ Kf8 38. Qd8+ Kf7 39. Qd7+ Kf8 40. Qd8+ Kf7 41. Qd7+ Kf8 42. Qd8+ 1/2-1/2

[Event "Early-Titled-Tuesday-Blitz-December-26-2023"]
[Site "Chess.com"]
[Date "2023.12.26"]
[Round "1"]
[White "seopie"]
[Black "tantaan"]
[Result "1-0"]
[WhiteElo "2819"]
[BlackElo "2480"]
[TimeControl "180+1"]
[EndTime "8:06:19 PST"]
[Termination "seopie won by resignation"]

1. d4 Nf6 2. c4 e6 3. Nc3 Bb4 4.
e3 O-O 5. Bd3 c5 6. Ne2 d5 7. cxd5 cxd4 8. exd4 Nxd5 9. O-O Nc6 10. Qc2 h6 11. a3 Be7 12. Rd1 Bd7 13. Be4 Nf6 14. Bf3 Rc8 15. Nf4 Bd6 16. d5 exd5 17.
Nfxd5 Ne5 18. Be2 Nxd5 19. Rxd5 Bc6 20. Rd1 Qe7 21. Bf4 Rfd8 22. Bg3 a6 23. Re1 Qf6 24. Rad1 g6 25. Ne4 Bxe4 26. Qxe4 Re8 27. Qxb7 h5 28.
Qxa6 Rc6 29. Qa4 Rec8 30. Bf1 Ng4 31. Rxd6 Rxd6 32. h3 h4 33. Qxg4 hxg3 34. Qxc8+ Kg7 35. fxg3 Rd2 36. Qc3 1-0

[Event "Early-Titled-Tuesday-Blitz-December-26-2023"]
[Site "Chess.com"]
[Date "2023.12.26"]
[Round "1"]
[White "JackRodgers"]
[Black "Alenzer"]
[Result "1-0"]
[WhiteElo "2563"]
[BlackElo "2072"]
[TimeControl "180+1"]
[EndTime "8:06:21 PST"]
[Termination "JackRodgers won by resignation"]

1. d4 d5 2. c4 dxc4 3. Nc3 a6 4. a4 Nf6 5. e4 e6 6. Bxc4 c6 7. Nge2 Bb4 8. O-O O-O 9. Bg5 h6 10. Bxf6 Qxf6 11. e5 Qe7 12. Ne4 Nd7 13. N2g3 Nb6 14. Bd3 Nd5 15. Nh5 g6 16. Nhf6+ Kg7 17. Qg4 Rh8 18. h4 h5 19. Qg5 Bd7 20. Bc4 Qd8 21. Bxd5 exd5 22. Ng3 Kf8 23. f4 Be7 24. f5 Bxf6 25.
exf6 Rg8 26. Qh6+ Ke8 27. Rae1+ Be6 28. fxe6 fxe6 29. f7+ Ke7 30. fxg8=Q Qxg8 31. Qg5+ Kd7 32. Rf6 Re8 33. Rxg6 1-0

[Event "Early-Titled-Tuesday-Blitz-December-26-2023"]
[Site "Chess.com"]
[Date "2023.12.26"]
[Round "1"]
[White "wqws"]
[Black "MIss_MIaMI"]
[Result "1-0"]
[WhiteElo "2743"]
[BlackElo "2435"]
[TimeControl "180+1"]
[EndTime "8:06:22 PST"]
[Termination "wqws won by resignation"]

1. e4 c5 2. Nf3 e6 3. d4 cxd4 4.
Nxd4 a6 5. Bd3 Ne7 6. O-O Nbc6 7. Nf3 d6 8. c4 Ng6 9. Nc3 Be7 10. Be3 Nge5 11.
Be2 Nxf3+ 12. Bxf3 O-O 13. Be2 Qa5 14. Qd2 Rd8 15. a3 Bf6 16. b4 Qc7 17. Rac1 Ne5 18.
Na4 Re8 19. Rfd1 Be7 20. Nb6 Rb8 21. f4 Nd7 22. Nxd7 Bxd7 23. c5 d5 24. f5 Ba4 25.
Rf1 dxe4 26. fxe6 fxe6 27. Qa2 Bf6 28. Bc4 Bd7 29. Rcd1 Re7 30. Bf4 Be5 31. Rxd7 Qxd7 32. Bxe5 Rbe8 33. Bd6 Rf7 34. Rd1 Qc8 35. Qe2 b5 36.
cxb6 Qc6 37. Bc5 Kh8 38. Bxa6 Ra8 39. Bb5 Qb7 40. a4 h6 41. a5 Kh7 42. a6 Rc8 43. axb7 1-0

[Event "Early-Titled-Tuesday-Blitz-December-26-2023"]
[Site "Chess.com"]
[Date "2023.12.26"]
[Round "1"]
[White "Artyom_ChessMate"]
[Black "Panchenko_Dmitry"]
[Result "1/2-1/2"]
[WhiteElo "2499"]
[BlackElo "2830"]
[TimeControl "180+1"]
[EndTime "8:06:23 PST"]
[Termination "Game drawn by agreement"]

1. e4 e5 2. Nf3 Nc6 3. d4 exd4 4.
Nxd4 Nf6 5. Nxc6 bxc6 6. e5 Qe7 7. Qe2 Nd5 8. h4 d6 9. c4 Nb6 10. exd6 cxd6 11. Nc3 Qxe2+ 12. Bxe2 Be6 13. b3 d5 14.
cxd5 Nxd5 15. Nxd5 Bxd5 16. O-O Bd6 17. Be3 O-O 18.
Rac1 Ba3 19. Rc2 a5 20. Bc4 a4 21. Bxd5 cxd5 22. Rd1 axb3 23. axb3 Rfd8 24. Rcd2 Rab8 25. Rxd5 Rxd5 26. Rxd5 Kf8 27. Rd3 Be7 28. g3 h5 29.
Kf1 f6 30. Ke2 g5 31. hxg5 fxg5 32. Rd5 h4 33. Bxg5 hxg3 34. Bxe7+ Kxe7 35. Rd3 g2 36. Rg3 Rxb3 37. Rxg2 Kf6 38. Rg4 Ra3 39. Kf1 Rb3 40. Ra4 Rc3 41. Kg2 Kg6 42. Ra5 Kf6 43. f3 Rc4 44. Kg3 Rb4 45. f4 Rb1 46. Ra6+ 1/2-1/2

[Event "Early-Titled-Tuesday-Blitz-December-26-2023"]
[Site "Chess.com"]
[Date "2023.12.26"]
[Round "1"]
[White "PabloZarnicki"]
[Black "AndresDelgado77"]
[Result "1-0"]
[WhiteElo "2661"]
[BlackElo "2354"]
[TimeControl "180+1"]
[EndTime "8:06:23 PST"]
[Termination "PabloZarnicki won on time"]

1. e4 e6 2. d3 d5 3. Qe2 Be7 4. Nf3 Nf6 5. g3 dxe4 6. dxe4 b6 7. Nbd2 Ba6 8. Nc4 O-O 9. e5 Nfd7 10. Qe4 Qc8 11.
Bd3 g6 12. Bh6 Bb7 13. Qf4 Re8 14. O-O-O b5 15. Na5 Bxf3 16. Qxf3 c6 17. Rhe1 Qc7 18. Nb3 Nxe5 19. Qe4 Nxd3+ 20. Qxd3 Rd8 21. Qc3 Bf8 22.
Bxf8 Rxf8 23. Nc5 a5 24. Ne4 e5 25. Rd6 f5 26. Qxe5 Qf7 27. Nf6+ Kh8 28. Nd7+ 1-0

[Event "Early-Titled-Tuesday-Blitz-December-26-2023"]
[Site "Chess.com"]
[Date "2023.12.26"]
[Round "1"]
[White "Flameboard08"]
[Black "GMT4114"]
[Result "1-0"]
[WhiteElo "2560"]
[BlackElo "2028"]
[TimeControl "180+1"]
[EndTime "8:06:23 PST"]
[Termination "Flameboard08 won by resignation"]

1. f4 Nh6 2. Nf3 g6 3. d3 d5 4. e4 dxe4 5. dxe4 Qxd1+ 6. Kxd1 Bg7 7. c3 Bg4 8. h3 Bxf3+ 9. gxf3 Nd7 10. Be3 O-O-O 11.
Nd2 e5 12. fxe5 Nxe5 13. Kc2 Rhe8 14. f4 Nd7 15. Bg2 a6 16. h4 Ng4 17. Bg1 h5 18.
Re1 Re7 19. Bf3 Ngf6 20. Bd4 Ne8 21. e5 Bh6 22. Be3 Ng7 23. Be4 Nf8 24. Bc5 Red7 25.
Be3 Nfe6 26. Rhf1 Nxf4 27. Rxf4 Bxf4 28. Bxf4 Ne6 29. Be3 Nc5 30. Bxc5 Rxd2+ 31. Kc1 Rh2 32. Be3 Re8 33. Bg5 Kb8 34. Bd5 c6 35. Bxf7 Rf8 36. e6 Kc7 37. e7 1-0

[Event "Early-Titled-Tuesday-Blitz-December-26-2023"]
[Site "Chess.com"]
[Date "2023.12.26"]
[Round "1"]
[White "a-z30"]
[Black "Szparu"]
[Result "0-1"]
[WhiteElo "2507"]
[BlackElo "2866"]
[TimeControl "180+1"]
[EndTime "8:06:26 PST"]
[Termination "Szparu won on time"]

1. d3 d5 2. Nf3 c5 3. g3 g6 4. Bg2 Bg7 5. O-O Nc6 6. c4 d4 7. a3 Nf6 8. e3 O-O 9. exd4 cxd4 10.
Re1 a5 11. Ne5 Bd7 12. Nxd7 Nxd7 13. Nd2 a4 14. Rb1 Nc5 15. Ne4 Nb3 16. Nd2 Nc5 17.
Ne4 Na6 18. Qxa4 h6 19. Qc2 f5 20. Nd2 e5 21. b4 Nc7 22. Bb2 Kh7 23. c5 Nb5 24.
Ra1 Nc3 25. Nc4 e4 26. Nd6 Ne5 27. Bxc3 exd3 28. Qd1 dxc3 29. Rxe5 Bxe5 30. Qxd3 Ra6 31. Bxb7 Ra7 32. Bf3 Rd7 33. Rd1 Rf6 34. Qc2 h5 35.
h4 f4 36. g4 hxg4 37. Bxg4 Rfxd6 38. cxd6 Qxh4 39. Bxd7 f3 0-1

[Event "Early-Titled-Tuesday-Blitz-December-26-2023"]
[Site "Chess.com"]
[Date "2023.12.26"]
[Round "1"]
[White "HajiyevKanan"]
[Black "GMJustin"]
[Result "1-0"]
[WhiteElo "2604"]
[BlackElo "2249"]
[TimeControl "180+1"]
[EndTime "8:06:30 PST"]
[Termination "HajiyevKanan won on time"]

1. d4 Nf6 2. c4 g6 3. Nc3 Bg7 4. Nf3 O-O 5. g3 d5 6. cxd5 Nxd5 7. Bg2 c5 8. e4 Nxc3 9. bxc3 Nc6 10. e5 Bg4 11. Be3 cxd4 12. cxd4 Qa5+ 13. Qd2 Qxd2+ 14. Nxd2 Rfd8 15. Nb3 Be6 16. Bxc6 bxc6 17. Rc1 a5 18.
Rc2 a4 19. Nc5 Bh3 20. f3 a3 21. Kf2 Rdb8 22. g4 Rb2 23. Rc1 Rab8 24. Kg3 Rxc2 25.
Rxc2 Rb2 26. Rf2 h5 27. Kxh3 hxg4+ 28. Kxg4 1-0

[Event "Early-Titled-Tuesday-Blitz-December-26-2023"]
[Site "Chess.com"]
[Date "2023.12.26"]
[Round "1"]
[White "sergoy"]
[Black "YurasovMat-2012"]
[Result "1-0"]
[WhiteElo "2939"]
[BlackElo "2522"]
[TimeControl "180+1"]
[EndTime "8:06:32 PST"]
[Termination "sergoy won on time"]

1. d4 d5 2. c4 c6 3. Nf3 Nf6 4. Nc3 dxc4 5. a4 Bf5 6. Ne5 e6 7. f3 Bb4 8. Nxc4 c5 9. dxc5 Qxd1+ 10. Kxd1 Bxc5 11. e4 Bg6 12. Nb5 Na6 13. Ncd6+ Ke7 14. Nxb7 Bb4 15. Nd4 Nb8 16. Be3 Rc8 17. h4 Nbd7 18.
g4 h6 19. Ba6 Rab8 20. Nc2 Rxc2 21. Kxc2 Nxe4 22. Bd3 Nef6 23. Bxg6 fxg6 24. Bxa7 Rxb7 25. Bd4 e5 26. Bf2 Nc5 27. a5 Nd5 28. a6 Ra7 29. Rhd1 1-0

[Event "Early-Titled-Tuesday-Blitz-December-26-2023"]
[Site "Chess.com"]
[Date "2023.12.26"]
[Round "1"]
[White "secrethawk1"]
[Black "LikeWater"]
[Result "0-1"]
[WhiteElo "2433"]
[BlackElo "2738"]
[TimeControl "180+1"]
[EndTime "8:06:35 PST"]
[Termination "LikeWater won by checkmate"]

1. d4 Nf6 2. Bf4 b6 3. e3 Bb7 4. Nf3 g6 5. c4 Bg7 6. Nc3 O-O 7.
h3 d5 8. Be2 c5 9. O-O cxd4 10.
Nxd4 dxc4 11. Bxc4 a6 12. a4 Nbd7 13. Bh2 e5 14. Nf3 Qe7 15. Qb3 Bxf3 16. gxf3 Nh5 17.
Rad1 Nc5 18. Qxb6 Rab8 19. Qa5 Rxb2 20. Nd5 Qg5+ 21. Kh1 Ne6 22. Qxa6 Qh4 23. Kg2 Ng5 24. Be2 Qxh3+ 25. Kg1 Rxe2 26. Ne7+ Kh8 27. Nxg6+ hxg6 28. Qxe2 Nxf3+ 29. Qxf3 Qxf3 30. a5 Ra8 31. Rb1 Rxa5 32. Rb2 e4 33. Rb8+ Kh7 34. Re1 Rg5+ 35. Kf1 Rg2 36.
Bg3 Nxg3# 0-1

[Event "Early-Titled-Tuesday-Blitz-December-26-2023"]
[Site "Chess.com"]
[Date "2023.12.26"]
[Round "1"]
[White "TitarovVasiliYouTube"]
[Black "Jospem"]
[Result "0-1"]
[WhiteElo "2549"]
[BlackElo "3067"]
[TimeControl "180+1"]
[EndTime "8:06:37 PST"]
[Termination "Jospem won on time"]

1. e4 c5 2. Nf3 d6 3. d4 cxd4 4. Nxd4 a6 5. Nc3 e6 6. Be2 Nf6 7. O-O b5 8. a3 Bb7 9. f3 Nbd7 10. Be3 Be7 11. Qd2 O-O 12. Rad1 Rc8 13. Rfe1 Nb6 14. Nb3 Nfd7 15. f4 Qc7 16. Kh1 d5 17. e5 Rfd8 18. Bd4 Nc4 19. Qc1 Nc5 20. Nxc5 Bxc5 21. Nb1 Qb6 22. c3 Bxd4 23. Rxd4 Na5 24. Nd2 Nc6 25. Rd3 d4 26. Bf3 dxc3 27. Rxc3 Ne7 28. Bxb7 Qxb7 29.
Ne4 Rxc3 30. Qxc3 Nf5 31. Nc5 Qc6 32. b4 h5 33. Rc1 Qd5 34. Qe1 Qd4 35. Ne4 h4 36.
Qe2 h3 37. gxh3 Qd5 38. Qg2 Kf8 39. Re1 Qd4 40. Ng5 Qxf4 41. Rf1 Qh4 42. Ne4 Ne3 43. Qf3 Nxf1 44. Nd6 Qe7 45. Qxf1 Kg8 0-1

[Event "Early-Titled-Tuesday-Blitz-December-26-2023"]
[Site "Chess.com"]
[Date "2023.12.26"]
[Round "1"]
[White "DTChess"]
[Black "Petrakejzar96"]
[Result "1-0"]
[WhiteElo "2658"]
[BlackElo "2335"]
[TimeControl "180+1"]
[EndTime "8:06:37 PST"]
[Termination "DTChess won by resignation"]

1. e4 c5 2. Nf3 e6 3. Nc3 Nc6 4. d4 cxd4 5. Nxd4 d6 6. Bc4 Nf6 7. Bb3 Be7 8. Be3 O-O 9. f3 a6 10. Qd2 Qc7 11. O-O b5 12. a3 Re8 13. Rfd1 Ne5 14. Rac1 Nc4 15. Bxc4 Qxc4 16. Nb3 Bb7 17. Qd4 Rac8 18. Qxc4 Rxc4 19. Rd2 Rc7 20. Rcd1 d5 21. e5 Nd7 22. f4 Rec8 23. Bd4 Nc5 24. Rf1 g6 25. g4 Nxb3 26. cxb3 Bc5 27. Ne2 Bxd4+ 28. Nxd4 Rc1 29. b4 Rxf1+ 30. Kxf1 Rc1+ 31. Kg2 Kf8 32. g5 Ke7 33. Kf2 Bc8 34. Rc2 Rxc2+ 35.
Nxc2 Kd7 36. Ke3 Kc6 37. Kd4 Kb6 38. Ne1 Bd7 39. Nf3 a5 40. Nd2 axb4 41. axb4 Bc6 42.
Nf1 Be8 43. Ne3 Bc6 44. Ng4 Be8 45. Nf6 Bc6 46. Nxh7 Be8 47. Nf6 Bc6 48. h4 Bb7 49. Ne8 Bc6 50. Nd6 Kc7 51. Nxf7 Kd7 52. Nh6 Ke7 53.
Ng4 Be8 54. Kc5 Bd7 55. Nh2 Be8 56. Nf3 Bd7 57. Nd4 Kd8 58. Kd6 1-0

[Event "Early-Titled-Tuesday-Blitz-December-26-2023"]
[Site "Chess.com"]
[Date "2023.12.26"]
[Round "1"]
[White "SharapovEvgeny"]
[Black "Navyblue1"]
[Result "1/2-1/2"]
[WhiteElo "2579"]
[BlackElo "2161"]
[TimeControl "180+1"]
[EndTime "8:06:46 PST"]
[Termination "Game drawn by repetition"]

1. e4 c5 2. Nf3 d6 3. d4 cxd4 4.
Nxd4 Nf6 5. Nc3 a6 6. g3 e5 7. Nb3 Be7 8. Bg2 O-O 9. a4 Nc6 10. Nd5 Nxd5 11. exd5 Na5 12. Nd2 b6 13. O-O Qc7 14.
b3 Nb7 15. b4 a5 16. b5 Nc5 17. Nb3 f5 18. Nxc5 Qxc5 19. Ba3 Qc7 20. Qe2 Qc3 21. Qd3 Qxd3 22. cxd3 Bd7 23. Rac1 Rac8 24. Rc6 Bxc6 25.
dxc6 Rf6 26. Bd5+ Kf8 27. Bc1 h6 28. Be3 Bd8 29. f4 Bc7 30. Kf2 Re8 31. Kf3 g6 32. h4 Kg7 33. Bd2 h5 34. Bc3 Kh7 35. Re1 Rff8 36. Rd1 Rd8 37. Bb2 Rde8 38. Rc1 Rd8 39.
Rc4 Rde8 40. Rc1 Rd8 41. Be6 Rfe8 42. Bd7 Re7 43. d4 e4+ 44. Ke3 d5 45. Ba3 Rexd7 46.
cxd7 Rxd7 47. Rc6 Kg7 48. Re6 Kf7 49. Rc6 Kg7 50. Ke2 Kf7 51. Ke3 Kg7 1/2-1/2

[Event "Early-Titled-Tuesday-Blitz-December-26-2023"]
[Site "Chess.com"]
[Date "2023.12.26"]
[Round "1"]
[White "Ramosha"]
[Black "szefru"]
[Result "1-0"]
[WhiteElo "2614"]
[BlackElo "2266"]
[TimeControl "180+1"]
[EndTime "8:06:49 PST"]
[Termination "Ramosha won by resignation"]

1. e4 c5 2. Nf3 Nc6 3. d4 cxd4 4. Nxd4 g6 5. Be2 Bg7 6. Nb3 Nf6 7. Nc3 O-O 8. Be3 d6 9. Qd2 a6 10. a4 Rb8 11. a5 Be6 12. O-O Bxb3 13. cxb3 Qd7 14.
f3 Qe6 15. Bc4 Qd7 16. Na4 b5 17. axb6 a5 18. Rac1 Nb4 19. Rfd1 Rfc8 20. Qe2 Qd8 21. Bb5 Nd7 22. Rc4 Rxc4 23. bxc4 Nxb6 24. Nxb6 Rxb6 25. Bxb6 Qxb6+ 26. Kf1 Bd4 27. b3 e5 28. g3 Bc5 29. h4 h5 30. Kg2 Kg7 31. Qd2 Bd4 32. Ba4 Qc5 33. g4 hxg4 34. fxg4 Qc8 35. Kh3 Qb7 36. Qe2 Na6 37. Rf1 Nc5 38. Re1 Nxa4 39.
bxa4 Qb3+ 40. Kg2 Qxa4 41. Rf1 Qb4 42. Qf3 Qb7 43. h5 gxh5 44. gxh5 Kf8 45. h6 Qb2+ 46. Kh3 Qb7 47. h7 Kg7 48. Qxf7+ Qxf7 49. Rxf7+ Kxf7 50. h8=Q Bc5 51. Qa8 Bb4 52. Kg4 Ke6 53. Qd5+ Kd7 54. Kf5 a4 55. Qb5+ Ke7 56. Qxb4 1-0

[Event "Early-Titled-Tuesday-Blitz-December-26-2023"]
[Site "Chess.com"]
[Date "2023.12.26"]
[Round "1"]
[White "Abduzhaparov"]
[Black "GAZZAN_3000"]
[Result "1-0"]
[WhiteElo "2436"]
[BlackElo "2694"]
[TimeControl "180+1"]
[EndTime "8:06:50 PST"]
[Termination "Abduzhaparov won by checkmate"]

1. Nf3 d5 2. c4 d4 3. e3 Nc6 4. b4 dxe3 5. fxe3 Nxb4 6. d4 e6 7. Nc3 Nf6 8. a3 Nc6 9. d5 exd5 10. cxd5 Nb8 11. e4 Bc5 12. e5 Ng4 13. Ne4 Qe7 14. Qc2 Bb6 15. d6 Qe6 16. Neg5 Qd7 17. Bc4 cxd6 18.
Bxf7+ Ke7 19. Bd2 Bf2+ 20. Ke2 h6 21. exd6+ Kd8 22. Be6 Qb5+ 23. Bc4 Re8+ 24. Kd1 Qf5 25. Nf7+ Kd7 26. Qxf5+ Kc6 27. Qb5# 1-0

[Event "Early-Titled-Tuesday-Blitz-December-26-2023"]
[Site "Chess.com"]
[Date "2023.12.26"]
[Round "1"]
[White "mbojan"]
[Black "noblerone"]
[Result "1-0"]
[WhiteElo "2923"]
[BlackElo "2518"]
[TimeControl "180+1"]
[EndTime "8:06:51 PST"]
[Termination "mbojan won by resignation"]

1. a3 d5 2. h3 Nf6 3. e3 e5 4. d4 Nc6 5. Nf3 exd4 6. exd4 Bf5 7. Bd3 Bxd3 8. Qxd3 Be7 9. O-O O-O 10. Re1 Ne4 11. c4 Nf6 12. Nc3 dxc4 13. Qxc4 Na5 14. Qa2 b6 15.
Bg5 h6 16. Bh4 c6 17. Rad1 g5 18. Bg3 Nh5 19. Bh2 Bd6 20. Ne5 Rc8 21. b4 Nb7 22. d5 c5 23. Nc6 Bxh2+ 24. Kxh2 Qd6+ 25. Kg1 Rfe8 26. Nb5 Qf6 27. Rxe8+ Rxe8 28. d6 a6 29. Nc7 Re4 30. Nd5 Qf4 31. Nxf4 1-0

[Event "Early-Titled-Tuesday-Blitz-December-26-2023"]
[Site "Chess.com"]
[Date "2023.12.26"]
[Round "1"]
[White "Magila31"]
[Black "AlexPapasimakopoulos"]
[Result "1-0"]
[WhiteElo "2347"]
[BlackElo "2639"]
[TimeControl "180+1"]
[EndTime "8:06:52 PST"]
[Termination "Magila31 won by checkmate"]

1. Nf3 d5 2. c4 e6 3. g3 Nf6 4.
Bg2 Be7 5. O-O O-O 6. d4 c6 7. Qc2 Nbd7 8. Bf4 b6 9. Nbd2 Bb7 10. Rfc1 Rc8 11. Qa4 a6 12. Qb3 Nh5 13. Be3 f5 14.
Bf4 Nxf4 15. gxf4 Bd6 16. Ne5 Bxe5 17. dxe5 g5 18. cxd5 cxd5 19. e3 gxf4 20. exf4 Qe7 21. Nf3 Rc5 22. Nd4 Kf7 23. Qh3 Kg7 24. b4 Rcc8 25. a3 Rg8 26. Kh1 Kh8 27. Bf3 Rxc1+ 28. Rxc1 Rc8 29. Rxc8+ Bxc8 30. Qh6 Nf8 31. Be2 a5 32.
bxa5 bxa5 33. a4 Bd7 34. Bb5 Bxb5 35. axb5 a4 36. Qh3 Qb4 37. Qd3 a3 38. Nc2 Qb1+ 39.
Kg2 a2 40. Qc3 Qxb5 41. Qa3 Qc4 42. Qxf8# 1-0

[Event "Early-Titled-Tuesday-Blitz-December-26-2023"]
[Site "Chess.com"]
[Date "2023.12.26"]
[Round "1"]
[White "albi1999"]
[Black "LuisFSiles"]
[Result "1-0"]
[WhiteElo "2621"]
[BlackElo "2271"]
[TimeControl "180+1"]
[EndTime "8:06:53 PST"]
[Termination "albi1999 won on time"]

1. d4 Nf6 2. Nf3 d6 3. Nc3 Bf5 4. Nh4 Bd7 5. e4 e5 6. Nf3 Nc6 7. Be2 exd4 8. Nxd4 g6 9. Bg5 Bg7 10. O-O h6 11. Bh4 O-O 12. Nb3 Re8 13. Bd3 Ne5 14. f4 Nxd3 15. cxd3 g5 16. fxg5 Ng4 17. Qd2 a5 18. h3 a4 19. Nc1 Bd4+ 20. Kh1 Be3 21. Qe1 hxg5 22. hxg4 Bxc1 23. Qxc1 gxh4 24. Nd5 Re6 25.
Qf4 Be8 26. g5 Re5 27. Nf6+ Kf8 28. Qxh4 Ke7 29. d4 Rb5 30. Nd5+ Kd7 31. Qg4+ Kc6 32. Rac1+ 1-0

[Event "Early-Titled-Tuesday-Blitz-December-26-2023"]
[Site "Chess.com"]
[Date "2023.12.26"]
[Round "1"]
[White "WeAintSurePal"]
[Black "MetiForce"]
[Result "1-0"]
[WhiteElo "2526"]
[BlackElo "2870"]
[TimeControl "180+1"]
[EndTime "8:06:54 PST"]
[Termination "WeAintSurePal won by checkmate"]

1. d4 e6 2. Nf3 b6 3. Bg5 Be7 4. Bxe7 Nxe7 5. Nbd2 Bb7 6. e3 O-O 7. Bd3 f5 8. Qe2 Nbc6 9. c3 Nd5 10. Nc4 d6 11. Rg1 Qf6 12. O-O-O b5 13. Ncd2 b4 14. c4 Nde7 15. Kb1 Nd8 16. e4 a5 17. d5 a4 18.
Rde1 a3 19. Nb3 fxe4 20. Bxe4 exd5 21. cxd5 Nxd5 22. Nbd4 Nf4 23. Qd2 Bxe4+ 24. Rxe4 c5 25. Ne2 Qg6 26. Ng3 d5 27. Ne5 Qf6 28. Rxf4 Qxf4 29.
Qxd5+ Kh8 30. Nd3 Qb8 31. Ne4 Nf7 32. Nexc5 Qa7 33. Ne6 Rfb8 34. Qd4 Qxd4 35. Nxd4 axb2 36. Kxb2 Nd6 37. Ne5 Ne4 38. f4 Nc3 39. Ra1 Ra3 40. Ndc6 Na4+ 41. Kc1 Rc8 42. Kd1 b3 43. Ne7 b2 44.
Nf7# 1-0

[Event "Early-Titled-Tuesday-Blitz-December-26-2023"]
[Site "Chess.com"]
[Date "2023.12.26"]
[Round "1"]
[White "AlexanderL"]
[Black "SCIM"]
[Result "1-0"]
[WhiteElo "2858"]
[BlackElo "2503"]
[TimeControl "180+1"]
[EndTime "8:06:54 PST"]
[Termination "AlexanderL won on time"]

1. Nf3 Nf6 2. c4 e6 3. Nc3 d5 4. e3 Be7 5. b3 O-O 6. Bb2 c5 7.
cxd5 exd5 8. d4 cxd4 9. Nxd4 Nc6 10. Be2 Re8 11. O-O Bf8 12. Rc1 a6 13. Nxc6 bxc6 14.
Na4 Bd7 15. Bd4 Ne4 16. Bg4 Bxg4 17. Qxg4 Re6 18. Qe2 Bd6 19. g3 Ba3 20. Rc2 Rg6 21. Bc5 Bxc5 22. Nxc5 Qe7 23. Rfc1 Nxc5 24. Rxc5 Qd7 25.
Qc2 Rc8 26. e4 d4 27. Qd3 Re8 28. R1c4 Rd6 29. e5 Rd5 30. Rxd5 Qxd5 31. Qxd4 Qa5 32. Ra4 Qe1+ 33. Kg2 Rxe5 34. Rxa6 h5 35. Rxc6 Re2 36.
Rc8+ Kh7 37. Qd3+ g6 38. Qd4 Re5 39. b4 Qe2 40. a4 h4 41. Qxh4+ Rh5 42. Qd4 1-0

[Event "Early-Titled-Tuesday-Blitz-December-26-2023"]
[Site "Chess.com"]
[Date "2023.12.26"]
[Round "1"]
[White "Giantgoogachess"]
[Black "krasavetc"]
[Result "1-0"]
[WhiteElo "2381"]
[BlackElo "2641"]
[TimeControl "180+1"]
[EndTime "8:06:54 PST"]
[Termination "Giantgoogachess won by checkmate"]

1. d4 Nf6 2. c4 e6 3. Nc3 Bb4 4. f3 O-O 5. a3 Bxc3+ 6. bxc3 d6 7. e4 e5 8. Bd3 Nc6 9. Ne2 Na5 10.
g4 Be6 11. d5 Bd7 12. Ng3 c6 13. h4 Rc8 14. Qe2 cxd5 15. cxd5 Rxc3 16. Be3 Nb3 17.
Rb1 Qa5 18. Kf2 Rfc8 19. g5 Ne8 20. h5 Nc5 21. Bb5 Bxb5 22. Qxb5 Qxa3 23. Nf5 Rxe3 24. Nxe3 Nd3+ 25. Kg3 Nf4 26. Nf5 Kf8 27. Qxb7 Qc3 28. Qe7+ Kg8 29. Rb7 Nc7 30. Nxd6 Qc2 31. Qxe5 Ne2+ 32.
Kg4 Rf8 33. Nf5 f6 34. Qe7 Rf7 35. Rb8+ Ne8 36. Rxe8+ Rf8 37. Qxf8# 1-0

[Event "Early-Titled-Tuesday-Blitz-December-26-2023"]
[Site "Chess.com"]
[Date "2023.12.26"]
[Round "1"]
[White "Kaissa10"]
[Black "Let_it_be_1"]
[Result "0-1"]
[WhiteElo "2124"]
[BlackElo "2579"]
[TimeControl "180+1"]
[EndTime "8:06:56 PST"]
[Termination "Let_it_be_1 won by resignation"]

1. e4 e6 2. d4 d5 3. Nd2 Nf6 4. e5 Nfd7 5. f4 c5 6. c3 Nc6 7. Ndf3 Qb6 8. g3 Be7 9. Kf2 f6 10. Kg2 O-O 11. Bd3 Kh8 12. Bb1 cxd4 13. cxd4 Qd8 14.
h4 Nb6 15. h5 Bd7 16. Nh3 f5 17. h6 g6 18. Nhg5 Rc8 19. a3 a5 20. Be3 Nc4 21. Qe2 Qb6 22. Bd3 Qxb2 23. Bxc4 Bxa3 24. Qxb2 Bxb2 25. Bb5 Bxa1 26. Rxa1 Ra8 27. Ba4 Kg8 28.
Rb1 Rfb8 29. Rb6 Ra6 30. Rb2 b5 31. Bxb5 Rab6 32. Bxc6 Rxb2+ 33. Kh3 Bxc6 0-1

[Event "Early-Titled-Tuesday-Blitz-December-26-2023"]
[Site "Chess.com"]
[Date "2023.12.26"]
[Round "1"]
[White "Chessdreamer2020"]
[Black "GMBenjaminBok"]
[Result "0-1"]
[WhiteElo "2530"]
[BlackElo "2985"]
[TimeControl "180+1"]
[EndTime "8:06:57 PST"]
[Termination "GMBenjaminBok won by resignation"]

1. e4 c5 2. Nf3 d6 3. Bb5+ Nd7 4. a4 Nf6 5. Nc3 a6 6. Be2 g6 7.
O-O Bg7 8. a5 O-O 9. d4 cxd4 10.
Nxd4 Nc5 11. Bf3 Bd7 12. Re1 Rc8 13. Nd5 Bc6 14. Bg5 Ncd7 15. Nb4 h6 16. Bh4 Ne5 17. c3 Bd7 18. Nd5 g5 19. Bg3 Nc4 20. Ra2 Nxd5 21.
exd5 Nxa5 22. Rxa5 Qxa5 23. Rxe7 Bxd4 24. Qxd4 Qa1+ 25.
Bd1 Rfe8 26. Bxd6 Qxb2 27. h4 Rxe7 28. Bxe7 Qxc3 29. Qxc3 Rxc3 30. Bf3 g4 31. Be4 f5 0-1